 Dungeon Crawl Stone Soup version 0.27.1-33-g824d729ab1 (webtiles) character file.

Game seed: 3079738598735487009

71 lordive the Sneak (level 4, -5/24 HPs)
             Began as a Vampire Enchanter on Dec 27, 2021.
             Slain by Natasha (8 damage)
             ... on level 2 of the Dungeon.
             The game lasted 00:03:17 (1059 turns).

lordive the Sneak (Vampire Enchanter)               Turns: 1059, Time: 00:03:18

Health: -5/24      AC:  2    Str:  7    XL:     4   Next: 5%
Magic:  1/7        EV: 12    Int: 18    God:
Gold:   34         SH:  0    Dex: 14    Spells: 4/7 levels left

rFire    . . .     SeeInvis +   a - +1 dagger
rCold    + + .     Faith    .   (no shield)
rNeg     + + +     Spirit   .   b - +0 robe
rPois    ∞         Reflect  .   (no helmet)
rElec    .         Harm     .   (no cloak)
rCorr    .         Rampage  .   (no gloves)
Will     .....                  (no boots)
Stlth    +++++.....             (no amulet)
HPRegen  0.00/turn              (no ring)
MPRegen  0.10/turn              (no ring)

@: very slightly contaminated, bloodless, inhibited regen
A: bloodless, fangs 3, see invisible, vampiric 2
a: Bat Form, Revivify


You were on level 2 of the Dungeon.
You visited 1 branch of the dungeon, and saw 2 of its levels.

You collected 34 gold pieces.

Inventory:

Hand Weapons
 a - a +1 dagger (weapon)
Armour
 b - a +0 robe (worn)
Jewellery
 c - an amulet of the acrobat
Scrolls
 d - a scroll of blinking {unknown}
 e - a scroll of noise {unknown}
 g - 3 scrolls of identify {unknown}
Potions
 f - a potion of lignification {unknown}
 h - 2 potions of invisibility {unknown}
 i - a potion of resistance {unknown}
 j - a potion of curing {unknown}


   Skills:
 - Level 1.1 Short Blades
 + Level 2.6 Dodging
 + Level 6.1 Stealth
 + Level 2.2 Spellcasting
 * Level 5.4 Hexes


You had 4 spell levels left.
You knew the following spells:

 Your Spells              Type           Power      Damage    Failure   Level
a - Corona                Hex            23%        N/A       1%          1
b - Ensorcelled Hibernat  Hex/Ice        22%        N/A       9%          2

Your spell library contained the following spells:

 Spells                   Type           Power      Damage    Failure   Level
 Confusing Touch          Hex            21%        N/A       5%          3
 Tukima's Dance           Hex            21%        N/A       5%          3
 Dazzling Flash           Conj/Hex       22%        N/A       17%         3


Dungeon Overview and Level Annotations

Branches:
Dungeon (2/15)

Altars:

Shops:
D:1 (

Annotations:
D:2 Natasha


Innate Abilities, Weirdness & Mutations

You do not regenerate when monsters are visible.
You are frail without blood (-20% HP).
You can heal yourself when you bite living creatures.
You are immune to poison.
You have razor-sharp teeth.
You have supernaturally acute eyesight. (SInv)
You are afflicted with vampirism and can become a bat while bloodless.


Message History

You have reached level 4!
You now have 34 gold pieces (gained 14).
There is a stone staircase leading down here.
You see here a +0 mace.
Natasha, Servant of Life and Death comes into view.
Natasha is nearby!
You barely miss Natasha.
Natasha hisses angrily.
Natasha claws you.
Casting: Ensorcelled Hibernation (safe; 9% risk of failure)
Confirm with . or Enter, or press ? or * to list all spells.
Aiming: Ensorcelled Hibernation (safe; 9% risk of failure)
Press: ? - help, Shift-Dir - straight line, f - Natasha
Aim: Natasha (chance to affect: 42%)
You miscast Ensorcelled Hibernation.
You are very lightly contaminated with residual magic.
Nothing appears to happen.
Natasha claws you!
Casting: Ensorcelled Hibernation (safe; 9% risk of failure)
Confirm with . or Enter, or press ? or * to list all spells.
Aiming: Ensorcelled Hibernation (safe; 9% risk of failure)
Press: ? - help, Shift-Dir - straight line, f/p - Natasha
Aim: Natasha (chance to affect: 42%) Natasha resists with some effort.
Natasha stares at you and mumbles some strange words.
The magic dart hits you!
* * * LOW HITPOINT WARNING * * *
Casting: Ensorcelled Hibernation (safe; 9% risk of failure)
Confirm with . or Enter, or press ? or * to list all spells.
Aiming: Ensorcelled Hibernation (safe; 9% risk of failure)
Press: ? - help, Shift-Dir - straight line, f/p - Natasha
Aim: Natasha (chance to affect: 42%) Natasha resists with some effort.
Natasha claws you.
* * * LOW HITPOINT WARNING * * *
Unknown command.
You hit Natasha but do no damage. Natasha closely misses you.
You closely miss Natasha. You bite Natasha.
You draw Natasha's blood!
You feel better.
Natasha is lightly wounded.
Natasha claws you!
You die...

## ...#### ######
.......############.....
.............†..........
#....@.##########.....
#...h......# #.....
#......###.######....†
###.#### #...##......#
... ###..#.##.### #.##
####.>.##.#.. #.
####......#..... #
#....)..........
#.....###..<....


You could see Natasha.

Vanquished Creatures
  Natasha (D:2)
  An adder (D:2)
  A dart slug (D:1)
  4 endoplasms (D:1)
  A giant cockroach (D:1)
  2 goblins
  3 hobgoblins
  3 kobolds (D:1)
  2 quokkas (D:1)
  8 bats
  8 frilled lizards
  2 rats (D:1)
36 creatures vanquished.

Notes
Turn   | Place    | Note
-------+----------+-------------------------------------------
     0 | D:1      | lordive the Vampire Enchanter began the quest for the Orb.
     0 | D:1      | Reached XP level 1. HP: 13/13 MP: 3/3
    97 | D:1      | Reached XP level 2. HP: 19/19 MP: 5/5
   117 | D:1      | Reached skill level 5 in Hexes
   217 | D:1      | Learned a level 2 spell: Ensorcelled Hibernation
   361 | D:1      | Found Qodaoppe's Antique Weapon Shop.
   586 | D:1      | Gained mutation: You are afflicted with vampirism and can
                  | become a bat while bloodless. [Vampire growth]
   586 | D:1      | Reached XP level 3. HP: 19/19 MP: 6/6
   591 | D:1      | Reached skill level 5 in Stealth
  1018 | D:2      | Noticed Natasha
  1024 | D:2      | Killed Natasha
  1025 | D:2      | Reached skill level 6 in Stealth
  1025 | D:2      | Reached XP level 4. HP: 24/24 MP: 7/7
  1051 | D:2      | Noticed Natasha
  1057 | D:2      | HP: 1/24 [Natasha (3)]
  1059 | D:2      | Slain by Natasha

Illustrated notes

Levels and vault maps discovered:
D:1:      wander_arrival_peaceful_grave, layout_rooms, serial_shops,
          nicolae_square_shop
D:2:      layout_rooms, uniq_natasha

Skill      XL: |  1  2  3 |
---------------+----------+-----
Hexes          | 5 |  5.4
Stealth        | 6 |  6.1
Short Blades   | |  1.1
Dodging        | |  2.6
Spellcasting   | |  2.2

Action                   |  1- 3 |  4- 6 || total
-------------------------+-------+-------++-------
Melee: Dagger            |    89 |     3 ||    92
       Bite              |     3 |     1 ||     4
 Cast: Ensorcelled Hiber |     9 |     2 ||    11
 Abil: Exsanguinate      |     1 |       ||     1
 Stab: Sleeping          |    21 |       ||    21
Armor: Robe              |    31 |       ||    31
Dodge: Dodged            |    59 |     1 ||    60
